 Dungeon Crawl Stone Soup version 0.27-a0-1196-g3e9cee4cb2 (webtiles) character file.

Game seed: 10171828514584522134

1507 bande the Shield-Bearer (level 8, 0/48 HPs)
             Began as a Gargoyle Fighter on May 29, 2021.
             Was a Believer of Okawaru.
             Slain by a shadow (6 damage)
             ... on level 6 of the Dungeon.
             The game lasted 00:09:45 (5043 turns).

bande the Shield-Bearer (Gargoyle Fighter)          Turns: 5043, Time: 00:09:46

Health: 0/48       AC: 15    Str: 22    XL:     8   Next: 82%
Magic:  11/11      EV:  8    Int:  9    God:    Okawaru [**....]
Gold:   183        SH: 10    Dex:  9    Spells: 7/7 levels left

rFire    . . .     SeeInvis .   h - +0 hand axe (drain)
rCold    . . .     Faith    .   c - +0 kite shield
rNeg     + . .     Spirit   .   b - +0 scale mail
rPois    ∞         Reflect  .   (no helmet)
rElec    +         Harm     .   i - +0 cloak
rCorr    .         Rampage  .   (no gloves)
Will     +....                  l - +0 pair of boots
Stlth    ..........             f - amulet of regeneration
HPRegen  1.16/turn              r - ring of willpower
MPRegen  0.12/turn              (no ring)

@: no status effects
A: sickness immunity, AC +5, negative energy resistance 1, electricity
resistance, torment resistance 1, petrification resistance
a: Renounce Religion, Heroism


You were on level 6 of the Dungeon.
You worshipped Okawaru.
Okawaru was pleased with you.
You visited 1 branch of the dungeon, and saw 6 of its levels.
You also visited: Sewer.

You collected 183 gold pieces.

Inventory:

Hand Weapons
 a - a +1 war axe
 h - a +0 hand axe of draining (weapon)
 n - a +0 flail
Armour
 b - a +0 scale mail (worn)
 c - a +0 kite shield (worn)
 i - a +0 cloak (worn)
 l - a +0 pair of boots (worn)
Jewellery
 f - an amulet of regeneration (around neck)
 m - a ring of magical power
 r - a ring of willpower (left hand)
 t - a +4 ring of evasion
Scrolls
 k - a scroll of fear
 q - a scroll of fog {unknown}
 s - 4 scrolls of magic mapping {unknown}
Potions
 d - a potion of might
 e - 2 potions of ambrosia
 g - a potion of attraction {unknown}
 j - 5 potions of curing {unknown}
 o - a potion of heal wounds {unknown}
 p - 3 potions of cancellation {unknown}
 u - 2 potions of flight {unknown}
 v - a potion of haste {unknown}


   Skills:
 + Level 4.8 Fighting
 + Level 5.6 Axes
 + Level 5.7 Armour
 + Level 2.3 Dodging
 + Level 6.0 Shields
 * Level 4.5 Invocations


You had 7 spell levels left.
You didn't know any spells.
Your spell library was empty.

Dungeon Overview and Level Annotations

Branches:
Dungeon (6/15)             Temple (0/1) D:4           Sewer (visited)

Altars:
Gozag
Okawaru


Innate Abilities, Weirdness & Mutations

You are immune to sickness and miasma.
Your stone body is resilient. (AC +5)
You are immune to poison.
You resist negative energy. (rN+)
You are resistant to electric shocks. (rElec)
You are resistant to unholy torment.
You are immune to petrification.


Message History

The shadow closely misses you.
You hit the shadow but do no damage.
The shadow is moderately damaged.
The shadow slips into darkness.
The shadow flickers and vanishes!
Deactivating autopickup; reactivate with Ctrl-A.
You hit something but do no damage.
The shadow strikes at you from the darkness!
Reactivating autopickup.
You hit the shadow.
The shadow is moderately damaged.
You block the shadow's attack.
You slash the shadow!
The shadow is severely damaged.
The shadow hits you. x2
You closely miss the shadow.
The shadow is severely damaged.
The shadow slips into darkness.
The shadow flickers and vanishes!
Deactivating autopickup; reactivate with Ctrl-A.
You closely miss something.
The shadow strikes at you from the darkness!
Reactivating autopickup.
You hit the shadow.
The shadow is severely damaged.
The shadow slips into darkness.
The shadow flickers and vanishes!
Deactivating autopickup; reactivate with Ctrl-A.
You hit something but do no damage.
The shadow strikes at you from the darkness!
Ouch! That really hurt!
* * * LOW HITPOINT WARNING * * *
Reactivating autopickup.
You hit the shadow but do no damage.
The shadow is severely damaged.
The shadow hits you. The shadow closely misses you.
You closely miss the shadow.
The shadow is severely damaged.
The shadow hits you.
You die...

.. #.+#####.
........# #.#
#.# #.# #.#
#W# #@# #.#
######### #.#
#<.#....# #.#
#....##.# #.#
#######.# #.#
#.......# #.#
#.#########.#
#.##........#


You could see a shadow.

Vanquished Creatures
  Grinder (D:3)
  Sigmund (D:5)
  A black bear (D:4)
  A hornet zombie (D:5)
  A kobold brigand (Sewer)
  A gnoll sergeant (D:5)
  2 scorpions
  A vampire bat (D:5)
  3 hounds (D:5)
  2 jellies (D:5)
  An orc priest (D:5)
  Crazy Yiuf (D:3)
  A centaur skeleton (D:4)
  2 iguanas
  Terence (D:2)
  2 orc wizards (D:5)
  A scorpion zombie (D:5)
  A hound zombie (D:5)
  A hound skeleton (D:5)
  4 adders
  3 gnolls (D:5)
  3 river rats (Sewer)
  An ufetubus (D:4)
  An adder skeleton (D:2)
  A dart slug (D:3)
  3 fire bats (D:5)
  9 orcs
  2 spectral bats (D:5)
  15 bats
  3 bat skeletons (D:5)
  A bat zombie (D:5)
  7 endoplasms
  4 giant cockroaches
  12 goblins
  10 hobgoblins
  11 jackals
  6 quokkas
  5 ball pythons
  A bat simulacrum (D:5)
  A frilled lizard (D:2)
  17 kobolds
  A quokka skeleton (D:4)
  8 rats
154 creatures vanquished.

Vanquished Creatures (others)
  6 plants (D:4)
6 creatures vanquished.

Grand Total: 160 creatures vanquished

Notes
Turn   | Place    | Note
-------+----------+-------------------------------------------
     0 | D:1      | bande the Gargoyle Fighter began the quest for the Orb.
     0 | D:1      | Reached XP level 1. HP: 14/14 MP: 1/1
    43 | D:1      | Reached XP level 2. HP: 13/19 MP: 2/2
   307 | D:1      | Reached XP level 3. HP: 23/23 MP: 3/3
   677 | D:2      | Reached XP level 4. HP: 29/29 MP: 4/4
   697 | D:2      | Noticed Terence
   709 | D:2      | Killed Terence
   808 | D:2      | Reached skill level 4 in Shields
   822 | D:2      | Found a faded altar of an unknown god.
   835 | D:2      | Found an iron altar of Okawaru.
   844 | D:2      | Became a worshipper of Warmaster Okawaru
  1305 | D:3      | Reached XP level 5. HP: 33/33 MP: 5/5
  1331 | D:3      | Found a runed translucent door.
  1332 | D:3      | Noticed Crazy Yiuf
  1453 | D:3      | Noticed Grinder
  1457 | D:3      | Paralysed by Grinder for 6 turns
  1492 | D:3      | Paralysed by Grinder for 4 turns
  1499 | D:3      | Killed Grinder
  1499 | D:3      | Reached * piety under Okawaru
  1500 | D:3      | Reached skill level 1 in Dodging
  1500 | D:3      | Reached skill level 1 in Invocations
  1500 | D:3      | Reached XP level 6. HP: 38/38 MP: 5/7
  2270 | D:3      | Killed Crazy Yiuf
  2491 | D:4      | Found a staircase to the Ecumenical Temple.
  2801 | D:4      | Noticed a black bear
  2837 | D:4      | Killed a black bear
  2838 | D:4      | Reached XP level 7. HP: 41/43 MP: 8/8
  2986 | D:4      | Found an opulent altar of Gozag.
  3171 | D:5      | Entered Level 5 of the Dungeon
  3223 | D:5      | Reached skill level 5 in Shields
  3398 | D:5      | Reached skill level 5 in Armour
  3399 | D:5      | Reached XP level 8. HP: 48/48 MP: 10/10
  3515 | D:5      | Reached ** piety under Okawaru
  3663 | D:5      | Reached skill level 5 in Axes
  3804 | D:5      | Found a glowing drain.
  3809 | Sewer    | Entered a sewer
  3931 | Sewer    | Found a glowing silver altar of Zin.
  4184 | D:5      | Noticed Sigmund
  4199 | D:5      | Killed Sigmund
  4669 | D:5      | Reached skill level 6 in Shields
  5020 | D:6      | Noticed a shadow
  5043 | D:6      | Slain by a shadow

Illustrated notes

Levels and vault maps discovered:
D:1:      psy_arrival_whirlpool, layout_rooms
D:2:      layout_basic, hellmonk_ecumenical_altar_run_dry, basic_altar,
          uniq_terence
D:3:      layout_basic, minmay_misc_feat_roman, st_stairs_6,
          minmay_crystal_water, chequers_serial_rivers_small_a, uniq_grinder,
          uniq_crazy_yiuf_cottage
D:4:      layout_rooms, marbit_many_paths, minmay_temple_entry_sparse_star,
          serial_bayou, serial_bayou_pond_c, serial_bayou_pond_e,
          serial_bayou_ford_a, serial_bayou_lagoon_b, serial_bayou_crossing
D:5:      layout_layer_cave, portal_sewer_entry_e, goddamned_bats, uniq_sigmund
D:6:      layout_basic, serial_bayou_pond_c, kennysheep_generic_room_12,
          uniq_pikel, uniq_prince_ribbit1, uniq_blork_the_orc, uniq_menkaure,
          uniq_maggie

Skill      XL: |  1  2  3  4  5  6  7  8 |
---------------+-------------------------+-----
Axes           | 2 3 4 5 |  5.6
Armour         | 4 5 |  5.7
Shields        | 4 5 6 |  6.0
Fighting       | 4 |  4.8
Dodging        | 1 2 |  2.3
Invocations    | 1 2 3 4 |  4.5

Action                   |  1- 3 |  4- 6 |  7- 9 || total
-------------------------+-------+-------+-------++-------
Melee: War axe           |   108 |    11 |       ||   119
       Hand axe          |       |   174 |   285 ||   459
  Use: Scroll            |     2 |     2 |       ||     4
       Potion            |       |       |     1 ||     1
Armor: Scale mail        |    80 |    96 |   191 ||   367
Dodge: Dodged            |    59 |    59 |   129 ||   247
Block: Kite shield       |    71 |    97 |   205 ||   373

Table legend: (Time is in decaauts)
 A = Elapsed time spent in this place.
 B = Non-inter-level travel time spent in this place.
 C = Inter-level travel time spent in this place.
 D = Time resting spent in this place.
 E = Time spent auto-exploring this place.
 F = Levels seen in this place.
 G = Mean time per level.
                   A        B        C        D        E       F      G
               +--------+--------+--------+--------+--------+-----+--------+
         Total |   5322 |   5273 |     49 |    102 |   3655 |   7 |  760.3 |
       Dungeon |   5119 |   5070 |     49 |    102 |   3531 |   6 |  853.2 |
         Sewer |    202 |    202 |      0 |      0 |    124 |   1 |  202.0 |
               +--------+--------+--------+--------+--------+-----+--------+

Top non-repeatable levels by time:
     D:5: 1678 daAuts
     D:3: 1228 daAuts
     D:4: 757 daAuts
     D:2: 697 daAuts
     D:1: 673 daAuts
   Sewer: 202 daAuts
     D:6: 84 daAuts
